 Dungeon Sprint DCSS version 0.16-a0-2955-gfa193e0 (webtiles) character file.

1 RobertPalmer the Ruffian (level 1, -4/16 HPs)
             Began as a Draconian Transmuter on Dec 4, 2014.
             Was an Initiate of Cheibriados.
             Slain by a fire bat (7 damage)
             ... in the Dungeon (Sprint VII: "The Pits").
             The game lasted 00:00:38 (78 turns).

RobertPalmer the Ruffian (Draconian Transmuter)       Turns: 78, Time: 00:00:38

Health: -4/16      AC:  4    Str: 13    XL:     1   Next: 16%
Magic:  3/3        EV: 12    Int: 14    God:    Cheibriados [......]
Gold:   0          SH:  0    Dex: 12    Spells: 1 memorised, 3 levels left

rFire  . . .     SeeInvis .       - Unarmed
rCold  . . .     Clarity  .     (armour unavailable)
rNeg   . . .     SustAb   .     (no shield)
rPois  .         Gourm    .     (helmet restricted)
rElec  .         Spirit   .     (no cloak)
rCorr  .         Warding  .     (no gloves)
rMut   .         NoTele   +     (no boots)
MR     .....                    (no amulet)
Stlth  +.........               (no ring)
                                (no ring)

@: very slightly contaminated, invisible, very slow, not resistant to hostile
enchantments, very unstealthy
A: unfitting armour, cold-blooded, AC +4
a: Bend Time, Renounce Religion


You were in the Dungeon.
You worshipped Cheibriados.
Cheibriados was noncommittal.
You were not hungry.

You visited 1 branch


Innate Abilities, Weirdness & Mutations

Your plain brown scales are hard (AC +4).
Your body does not fit into most forms of armour.
Your cold-blooded metabolism reacts poorly to cold.


   Skills:
 - Level 1.1 Fighting
 - Level 1.7 Dodging
 + Level 3.7 Unarmed Combat
 - Level 2.0 Spellcasting
 - Level 2.0 Transmutations


You had 3 spell levels left.
You knew the following spells:

 Your Spells              Type           Power        Failure   Level  Hunger
z - Beastly Appendage     Trmt           #.....       12%         1    ##.....

Inventory:

Missiles
 b - 12 arrows
Scrolls
 j - a scroll of blinking
 m - 2 scrolls of vulnerability {!r}
 n - 3 scrolls of remove curse
 o - 5 scrolls of amnesia
 p - a scroll of summoning
Potions
 e - a potion of curing
 f - a potion of heal wounds
 g - a potion of haste
 h - 4 potions of magic
 i - 3 potions of berserk rage
 l - a potion of invisibility
Books
 d - a book of Changes
Comestibles
 a - 8 bread rations
 c - 40 fruits
 k - 7 meat rations

Dungeon Overview and Level Annotations

Branches:
Dungeon (1/1)

Altars:
Ashenzari
Cheibriados
Dithmenos
Elyvilon
Fedhas
Kikubaaqudgha
Makhleb
Nemelex Xobeh
Okawaru
Ru
Sif Muna
Trog
Vehumet
Xom
Yredelemnul
Zin
The Shining One
Beogh
Jiyva
Lugonu

Annotations:
D Dowan, Duvessa

#...........'.....
#'#####+#####.....
#.# #..... #.#
####'# #e# #.....
#.# #..... #.#
#..... #.# #...<.
#d# #..... #b#
#..... #e# #.....
#.. ###### #...
#...# #..## #...
#...


You could see Duvessa, Dowan and a fire bat.


Message History

There is a shadowy altar of Dithmenos here.
There is a sacrificial altar of Ru here.
There is an open door to the Temple (Safe) here.
There is an open door here.
You open the door.
There is an open door here.
You open the door.
A fire bat, Duvessa and Dowan come into view.
Duvessa shouts!
Dowan shouts!
You hit Dowan.
Dowan is moderately wounded.
Dowan hits you but does no damage.
Okay, then.
You aren't carrying any items that can be evoked.
Drink which item? (? for menu, Esc to quit)
You fade into invisibility!
Duvessa zaps a wand.
Duvessa seems to speed up.
It is a wand of hasting.
Dowan casts a spell.
Dowan blinks!
You are very lightly contaminated with residual magic.
Unknown command.
The fire bat bites you.
You are engulfed in flames.
* * * LOW HITPOINT WARNING * * *
Duvessa gestures with her weapon.
You closely miss the fire bat.
The fire bat bites you but does no damage.
The fire bat bites you.
* * * LOW HITPOINT WARNING * * *
You are engulfed in flames!
You die...

Action                   || total
-------------------------++-------
Melee: Unarmed           ||     9
  Use: Potion            ||     1
 Stab: Sleeping          ||     1

Vault maps used:
D:        pitsprint

Notes
Turn   | Place    | Note
--------------------------------------------------------------
     0 | D        | RobertPalmer, the Draconian Transmuter, began the quest for the Orb.
     0 | D        | Reached XP level 1. HP: 16/16 MP: 3/3
    26 | D        | Found a sacrificial altar of Ru.
    26 | D        | Found a basalt altar of Yredelemnul.
    26 | D        | Found a shadowy altar of Dithmenos.
    26 | D        | Found a deep blue altar of Sif Muna.
    26 | D        | Found a burning altar of Makhleb.
    26 | D        | Found a shimmering altar of Xom.
    26 | D        | Found an ancient bone altar of Kikubaaqudgha.
    26 | D        | Found a sparkling altar of Nemelex Xobeh.
    28 | D        | Found a bloodstained altar of Trog.
    28 | D        | Found a corrupted altar of Lugonu.
    28 | D        | Found a viscous altar of Jiyva.
    40 | D        | Found a glowing golden altar of the Shining One.
    40 | D        | Found a glowing silver altar of Zin.
    43 | D        | Found a shattered altar of Ashenzari.
    43 | D        | Found a white marble altar of Elyvilon.
    43 | D        | Found a snail-covered altar of Cheibriados.
    43 | D        | Found a blossoming altar of Fedhas.
    43 | D        | Found a radiant altar of Vehumet.
    43 | D        | Found a roughly hewn altar of Beogh.
    43 | D        | Found an iron altar of Okawaru.
    50 | D        | Became a worshipper of Cheibriados the Contemplative
    74 | D        | Noticed Duvessa
    74 | D        | Noticed Dowan
    74 | D        | Noticed a fire bat
    78 | D        | Slain by a fire bat

Vanquished Creatures
  A giant cockroach (D)
1 creature vanquished.
